Map: Oxide LE

Players

Massa - Winner!

  • Race: Terran Terran
  • League: Platinum

Chessmaster

  • Race: Zerg Zerg
  • League: Platinum

VOD

Have the link to the VOD?

Description

Time

  • Played on: April 14, 2021, 12:02 p.m.
  • Length: 14:30
Show
View Real Time Build Order
Export as new Build Order

Massa Terran - Winner!

Build Orders: Reaper Expand, Hellion Banshee 

Get SALT Encoding   

  12  0:00  SCV  
  13  0:12  SCV  
  14  0:17  Supply Depot  
  14  0:24  SCV  
  15  0:39  SCV  
  15  0:40  Barracks  
  16  0:47  Refinery  
  16  0:51  SCV  
  17  1:03  SCV  
  18  1:15  SCV  
  19  1:29  Orbital Command  
  19  1:33  Reaper  
  20  1:58  Command Center  
  20  1:59  SCV  
  21  2:06  Supply Depot  
  21  2:07  Marine  
  22  2:22  Factory  
  22  2:28  SCV  
  23  2:30  Barracks Reactor  
  22  2:40  SCV  
  23  2:53  Bunker  
  23  2:59  SCV  
  24  3:11  SCV  
  24  3:12  Barracks Tech Lab, Orbital Command  
  25  3:13  Hellion  
  25  3:14  Hellion  
  25  3:19  Starport  
  29  3:27  Supply Depot  
  29  3:32  SCV  
  30  3:37  Hellion x2  
  30  3:41  SCV  
  35  3:44  SCV  
  36  3:53  SCV  
  37  3:58  Hellion x2  
  41  4:09  SCV x2  
  43  4:20  Refinery  
  43  4:21  SCV x2  
  43  4:22  Banshee, Supply Depot  
  48  4:28  Hellion x2  
  48  4:29  Barracks Tech Lab  
  48  4:31  Cloaking Field  
  52  4:32  Marine  
  52  4:33  SCV  
  54  4:41  Supply Depot  
  54  4:43  SCV, Engineering Bay  
  55  4:46  Barracks  
  55  4:50  Marine  
  56  4:56  Widow Mine x2  
  60  5:02  SCV x2  
  60  5:06  Refinery x2  
  62  5:14  SCV x2  
  58  5:26  Banshee, SCV  
  58  5:27  SCV, Barracks Tech Lab  
  67  5:28  Widow Mine x2  
  67  5:38  SCV  
  67  5:39  SCV  
  69  5:42  Barracks Tech Lab  
  69  5:44  Barracks Reactor, Command Center  
  69  5:48  Armory  
  69  6:21  Marine  
  69  6:25  Stimpack  
  70  6:29  Supply Depot x2  
  70  6:31  Supply Depot  
  70  6:50  Marine x2, Medivac x2  
  70  6:51  SCV x2  
  70  6:53  Supply Depot  
  78  6:56  Supply Depot  
  78  6:57  Supply Depot  
  78  7:03  SCV x2  
  78  7:08  Marine  
  80  7:15  SCV x2  
  77  8:11  Medivac x2  
  79  8:12  Combat Shield  
  79  8:14  SCV x3  
  82  8:21  Missile Turret  
  82  8:23  Missile Turret  
  82  8:26  SCV x2  
  84  8:30  Missile Turret  
  84  8:31  Missile Turret  
  84  8:44  Planetary Fortress  
  84  8:46  SCV x2  
  86  8:50  Marauder  
  88  8:58  SCV x2  
  88  9:01  Missile Turret  
  88  9:02  Barracks  
  90  9:03  Barracks  
  90  9:04  Barracks  
  90  9:06  Terran Infantry Weapons Level 1  
  90  9:10  SCV x2  
  90  9:11  Marauder  
  90  9:13  Marine x2  
  96  9:22  SCV x2  
  96  9:23  Missile Turret  
  98  9:31  Marine x2  
  98  9:32  Marauder  
  98  9:33  Siege Tank  
  98  9:34  SCV  
  106  9:50  Viking x2  
  110  9:53  Barracks Tech Lab  
  110  9:54  Marauder  
  110  9:55  Concussive Shells  
  110  9:57  Marine x2  
  114  10:05  Siege Tank  
  117  10:14  Marine  
  117  10:15  Sensor Tower, Marauder, Marine, SCV x3  
  117  10:16  Missile Turret  
  124  10:24  Terran Vehicle And Ship Armor Level 1  
  124  10:27  SCV x2  
  124  10:28  SCV  
  127  10:29  Missile Turret  
  127  10:32  Marine x2  
  129  10:36  Missile Turret  
  129  10:37  Marauder  
  129  10:39  SCV  
  132  10:47  Refinery, Command Center  
  132  10:49  Refinery  
  132  10:55  Sensor Tower  
  132  10:58  Marine  
  133  11:06  Supply Depot  
  133  11:08  Supply Depot x2  
  133  11:10  Supply Depot x2  
  133  11:11  Terran Infantry Armor Level 1  
  133  11:14  Engineering Bay  
  133  11:28  Marauder, Marine x2, Siege Tank  
  133  11:29  Supply Depot  
  133  11:30  Marauder  
  133  11:31  Supply Depot  
  144  11:33  Supply Depot x2  
  144  11:37  Barracks Reactor  
  144  11:38  Barracks Tech Lab  
  142  11:40  Supply Depot  
  142  11:42  Medivac x2  
  142  11:45  Marine x2  
  148  11:49  Marauder  
  148  11:51  Marauder  
  152  11:59  Supply Depot  
  152  12:00  Siege Tank  
  146  12:11  Marauder  
  146  12:12  Medivac x2  
  137  12:27  Marauder  
  123  12:48  Marauder  
  108  13:10  Starport Tech Lab  
  103  13:32  Barracks Reactor  
  102  13:36  Factory Tech Lab  
  79  14:12  Marine  
Show
View Real Time Build Order
Export as new Build Order

Chessmaster Zerg 

Build Orders: Pool First, Ravager All-In, Roach Nydus 

Get SALT Encoding   

  12  0:00  Drone  
  13  0:12  Drone  
  14  0:19  Overlord  
  14  0:38  Drone x3  
  17  0:44  Extractor  
  17  0:49  Drone  
  17  0:59  Extractor  
  16  1:06  Spawning Pool  
  15  1:17  Drone x2  
  17  1:28  Drone  
  18  1:46  Drone  
  18  1:47  Hatchery, Drone  
  19  1:59  Roach Warren  
  19  2:00  Zergling x2  
  19  2:09  Drone  
  19  2:14  Extractor  
  19  2:17  Spine Crawler  
  19  2:20  Drone  
  19  2:43  Lair  
  20  2:45  Drone x2  
  22  2:55  Overlord  
  22  3:01  Overlord  
  22  3:05  Hatchery  
  21  3:15  Roach  
  23  3:37  Ravager  
  23  3:38  Roach x2  
  28  3:51  Queen, Roach  
  31  3:59  Ravager x2  
  33  4:04  Drone x2  
  33  4:07  Spine Crawler  
  34  4:14  Ravager  
  34  4:16  Queen  
  37  4:18  Drone  
  37  4:20  Roach  
  40  4:34  Spine Crawler  
  40  4:37  Overlord  
  40  4:38  Roach  
  41  4:45  Ravager  
  42  4:51  Roach  
  44  4:56  Tunneling Claws  
  44  4:59  Burrow  
  44  5:06  Roach x2  
  48  5:22  Roach x2  
  52  5:30  Overseer  
  52  5:34  Overlord  
  52  5:48  Nydus Network  
  51  5:57  Drone x2  
  51  5:58  Drone x2  
  55  6:13  Roach  
  55  6:14  Roach  
  55  6:15  Overlord  
  59  6:41  Roach x2  
  59  6:42  Roach x2  
  59  6:44  Overlord x2  
  67  6:56  Nydus Canal  
  66  7:13  Overseer  
  65  7:24  Queen  
  65  7:29  Roach x5  
  81  7:30  Roach  
  76  7:38  Nydus Network  
  74  8:01  Overseer  
  74  8:05  Roach x3  
  80  8:06  Roach  
  82  8:14  Overlord  
  82  8:31  Overlord x2  
  82  8:49  Roach  
  82  8:50  Roach  
  88  9:03  Roach x3  
  92  9:20  Nydus Canal  
  92  9:47  Roach x2  
  92  9:52  Nydus Network, Roach  
  99  9:53  Roach  
  99  9:58  Overlord x2  
  99  10:15  Ravager  
  99  10:16  Ravager x3  
  103  10:33  Ravager  
  104  10:38  Drone x3  
  107  10:46  Ravager  
  108  10:58  Ravager  
  108  11:03  Extractor  
  108  11:07  Drone x2  
  108  11:09  Overlord x2  
  108  11:11  Queen  
  112  11:27  Roach  
  112  11:28  Roach  
  116  11:42  Nydus Canal  
  116  11:44  Nydus Canal  
  116  11:48  Roach x3  
  107  12:20  Roach x4  
  46  13:22  Spore Crawler  
Tags
 
Add a new tag
Caveats
  • Supply blocks, unpowered buildings, or Contaminate may cause inaccurate times.
  • Supply counts are checked every 10 seconds.